Map: Honorgrounds LE

Players

Railgan - Winner!

  • Race: Zerg Zerg
  • League: Grandmaster
  • Spawn Location: 7:00

Gannicus

  • Race: Terran Terran
  • League: Master
  • Spawn Location: 1:00

VOD

Have the link to the VOD?

Description

Time

  • Played on: March 24, 2017, 10:52 a.m.
  • Length: 2:50
Show
View Real Time Build Order
Export as new Build Order

Railgan Zerg - Winner!

Build Orders: Pool First 

Get SALT Encoding   

  12  0:01  Drone  
  13  0:14  Extractor  
  12  0:25  Spawning Pool  
  11  0:29  Drone  
  11  0:35  Drone  
  13  0:39  Drone  
  14  0:50  Overlord  
  14  1:12  Zergling x2  
  14  1:13  Zergling x2  
  14  1:14  Zergling x2  
  17  1:21  Metabolic Boost  
  17  1:28  Queen  
  19  1:33  Zergling x2  
  19  1:39  Zergling x2  
  21  1:46  Zergling x2  
  22  1:58  Overlord  
  22  2:17  Zergling x2  
  22  2:18  Zergling x2  
  24  2:28  Zergling x2  
  25  2:31  Hatchery  
Show
View Real Time Build Order
Export as new Build Order

Gannicus Terran 

Build Orders: Reaper Expand 

Get SALT Encoding   

  12  0:00  SCV  
  13  0:12  SCV  
  14  0:18  Supply Depot  
  14  0:25  Refinery  
  14  0:28  SCV  
  15  0:40  SCV  
  16  0:46  Barracks  
  16  0:53  SCV  
  17  1:05  SCV  
  18  1:17  SCV  
  19  1:32  Orbital Command  
  19  1:33  Reaper  
  20  1:46  Command Center  
  20  1:58  Factory  
  20  2:01  SCV  
  21  2:06  Barracks Reactor  
  21  2:11  Supply Depot  
  21  2:14  SCV  
  22  2:26  SCV  
  22  2:28  Refinery  
Tags
 
Add a new tag
Caveats
  • Supply blocks, unpowered buildings, or Contaminate may cause inaccurate times.
  • Supply counts are checked every 10 seconds.